 Dungeon Crawl Stone Soup version 0.27-a0-1065-ge809cff456 (webtiles) character file.

Game seed: 12896479124734100894

561 vhaine the Magician (level 7, -7/45 HPs)
             Began as a Djinni Ice Elementalist on Apr 22, 2021.
             Shot with an arrow by a centaur (9 damage)
             ... on level 5 of the Dungeon.
             The game lasted 00:36:59 (7669 turns).

vhaine the Magician (Djinni Ice Elementalist)       Turns: 7669, Time: 00:37:00

Health: -7/45      AC:  9    Str:  7    XL:     7   Next: 31%
Gold:   233        EV: 12    Int: 19    God:
                   SH:  0    Dex: 13

rFire    + + .     SeeInvis .   q - +2 whip (venom)
rCold    x . .     Faith    .   (no shield)
rNeg     . . .     Spirit   .   a - +0 robe
rPois    ∞         Reflect  .   (no helmet)
rElec    .         Harm     .   (no cloak)
rCorr    .         Rampage  .   (no gloves)
Will     .....                  (boots unavailable)
Stlth    ++........             (no amulet)
HPRegen  0.15/turn              (no ring)
MPRegen  0.00/turn              (no ring)

@: ice-armoured, about to teleport, freezing walls, flying, very slightly
contaminated, invisible
A: fire resistance 2, cold vulnerability 1, float, innate caster, hp casting,
extra vitality 1
a: no special abilities


You were on level 5 of the Dungeon.
You visited 1 branch of the dungeon, and saw 5 of its levels.

You collected 233 gold pieces.

Inventory:

Hand Weapons
 l - a +0 whip
 n - a +0 spear
 q - a +2 whip of venom (weapon)
Missiles
 C - a throwing net
Armour
 a - a +0 robe (worn)
 y - a +0 pair of boots
Jewellery
 m - a ring of flight
Wands
 u - a wand of mindburst (9)
Scrolls
 c - 2 scrolls of fog {unknown}
 d - a scroll of teleportation
 f - 3 scrolls of identify {unknown}
 h - a scroll of acquirement {unknown}
 i - a scroll of torment {unknown}
 k - a scroll of enchant weapon {unknown}
 r - a scroll of magic mapping {unknown}
 s - a scroll of enchant armour {unknown}
 v - a scroll of noise {unknown}
 w - a scroll of silence {unknown}
 x - a scroll of blinking {unknown}
 A - a scroll of vulnerability {unknown}
 D - a scroll of immolation {unknown}
Potions
 e - a potion of flight {unknown}
 g - a potion of mutation {unknown}
 j - 2 potions of haste {unknown}
 p - a potion of ambrosia {unknown}
 t - a potion of cancellation {unknown}
 z - 2 potions of lignification {unknown}
 B - a potion of attraction {unknown}


   Skills:
 - Level 2.1 Dodging
 - Level 1.5 Stealth
 + Level 7.3 Spellcasting


You couldn't memorise any spells.
You knew the following spells:

 Your Spells              Type           Power      Damage    Failure   Level
a - Freeze                Ice            100%       1d11      1%          1
b - Frozen Ramparts       Ice            70%        1d9       1%          3
c - Ozocubu's Armour      Ice            35%        N/A       1%          3
d - Hailstorm             Conj/Ice       35%        3d9       4%          4
e - Metabolic Englaciati  Hex/Ice        17%        N/A       13%         5
f - Beastly Appendage     Tmut           70%        N/A       1%          1
g - Poisonous Vapours     Pois/Air       70%        N/A       1%          2
h - Stone Arrow           Conj/Erth      70%        3d11      1%          3
Your spell library was empty.

Dungeon Overview and Level Annotations

Branches:
Dungeon (5/15)
 Temple: D:4-7

Altars:
Fedhas

Shops:
D:4 [

Annotations:
D:3 exclusion: oklob plant
D:5 Grinder


Innate Abilities, Weirdness & Mutations

You are immune to poison.
Your flesh is very heat resistant. (rF++)
You are vulnerable to cold. (rC-)
You float through the air rather than walking.
You learn spells naturally, not from books.
Your magical power is your life essence.
You have superior vitality. (+4 HP)


Message History

The centaur shoots an arrow. x2
An ufetubus comes into view.
The centaur shoots an arrow.
The arrow hits you!
* * * LOW HITPOINT WARNING * * *
You see here a +0 quarterstaff.
It was a potion of heal wounds.
You feel much better.
The ufetubus shouts!
The centaur shoots an arrow.
The arrow hits you!
* * * LOW HITPOINT WARNING * * *
The centaur shoots an arrow.
The arrow hits you!
* * * LOW HITPOINT WARNING * * *
You feel much better.
The centaur shoots an arrow.
The arrow hits you!
* * * LOW HITPOINT WARNING * * *
As you read the scroll of teleportation, it crumbles to dust.
You feel strangely unstable.
The centaur shoots an arrow.
The arrow closely misses you.
The centaur shoots an arrow.
The arrow barely misses you.
Casting: Freeze (safe; 1% risk of failure)
Confirm with . or Enter, or press ? or * to list all spells.
Casting: Frozen Ramparts (safe; 1% risk of failure)
Press: ? - help, Dir - look around, f - activate
Okay, then.
Casting: Frozen Ramparts (safe; 1% risk of failure)
Confirm with . or Enter, or press ? or * to list all spells.
A film of ice covers your body!
The hound barks!
* * * LOW HITPOINT WARNING * * *
Casting: Ozocubu's Armour (safe; 1% risk of failure)
Confirm with . or Enter, or press ? or * to list all spells.
Casting: Frozen Ramparts (safe; 1% risk of failure)
Press: ? - help, Dir - look around, f - activate The walls around you are covered in ice.
* * * LOW HITPOINT WARNING * * *
The centaur shoots an arrow.
The arrow hits you.
* * * LOW HITPOINT WARNING * * *
The ufetubus completely resists.
The wall freezes the ufetubus but does no damage.
The ufetubus barely misses you. The ufetubus misses you.
The centaur shoots an arrow.
The arrow hits you!
You die...

#.# #...#...#...#...#
#.# #..?#...#...#.. #.#
..#...#...#...#. ..#
#[.Z#..$#...#...#
####.#...#...#c..#...#..
##...#...#...#...#...#
#..#...#...#...#...#
##....#...#...#...#..
#...#...#...#..@#...#
#.....#...#...#5..#...#
#...#...#...#...#...#..
#.....#...#...#...#h..#
##.###...#...#...#.. #..
...........#...#...#. #
.#...........#...# .#
.#.##...#......#.. .
...##.#.......#


You could see a centaur, a hound and an ufetubus.

Vanquished Creatures
  A bullfrog (D:4)
  A water moccasin skeleton (D:4)
  A bullfrog zombie (D:5)
  A centaur skeleton (D:3)
  An orc priest (D:4)
  An iguana (D:4)
  An orc wizard (D:4)
  Ijyb (D:3)
  3 hound skeletons
  Robin (D:4)
  5 adders
  4 gnolls (D:4)
  An ufetubus (D:5)
  An adder skeleton (D:4)
  A worm (D:4)
  A dart slug (D:1)
  13 orcs
  10 ball pythons
  12 endoplasms
  5 giant cockroaches
  10 hobgoblins
  7 jackals
  4 kobolds
  9 quokkas
  4 bats
  4 frilled lizards
  15 goblins
  3 rats
121 creatures vanquished.

Vanquished Creatures (others)
  32 fungi (D:3)
  52 plants (D:3)
  10 toadstools (D:3)
94 creatures vanquished.

Grand Total: 215 creatures vanquished

Notes
Turn   | Place    | Note
-------+----------+-------------------------------------------
     0 | D:1      | vhaine the Djinni Ice Elementalist began the quest for the
                  | Orb.
     0 | D:1      | Reached XP level 1. HP: 15/15 MP: 0/0
   250 | D:1      | Reached XP level 2. HP: 18/21 MP: 0/0
   462 | D:1      | Reached skill level 4 in Spellcasting
  1118 | D:1      | Reached XP level 3. HP: 15/25 MP: 0/0
  1118 | D:1      | Learned a level 1 spell: Beastly Appendage
  1979 | D:1      | Reached XP level 4. HP: 5/31 MP: 0/0
  2838 | D:2      | Reached skill level 5 in Spellcasting
  3586 | D:3      | Reached XP level 5. HP: 34/35 MP: 0/0
  3586 | D:3      | Learned a level 2 spell: Poisonous Vapours
  3729 | D:3      | Noticed Ijyb
  3747 | D:3      | Killed Ijyb
  3882 | D:3      | Found a faded altar of an unknown god.
  4007 | D:3      | Found a blossoming altar of Fedhas.
  4031 | D:3      | Noticed an oklob plant
  5278 | D:4      | Reached skill level 6 in Spellcasting
  5335 | D:4      | Found Rij Kiog's Antique Armour Emporium.
  5351 | D:4      | Noticed Robin
  5363 | D:4      | Reached XP level 6. HP: 18/40 MP: 0/0
  5366 | D:4      | Killed Robin
  6152 | D:4      | Reached skill level 7 in Spellcasting
  6152 | D:4      | Reached XP level 7. HP: 17/45 MP: 0/0
  6152 | D:4      | Learned a level 3 spell: Stone Arrow
  6997 | D:5      | Entered Level 5 of the Dungeon
  7644 | D:5      | Noticed Grinder
  7669 | D:5      | HP: 2/45 [centaur/arrow (5)]
  7669 | D:5      | Shot with an arrow by a centaur

Illustrated notes

Levels and vault maps discovered:
D:1:      heliophobic_arrival_henge, layout_basic, serial_forest,
          infiniplex_forest_straight_3, infiniplex_forest_end_3,
          infiniplex_forest_lined_3, infiniplex_forest_end_2,
          infiniplex_forest_straight_3, infiniplex_forest_lined_room_2,
          infiniplex_forest_clump_small, infiniplex_forest_clump_curved,
          infiniplex_forest_3_way, infiniplex_forest_lined_3, minmay_box_of_dots
D:2:      layout_rooms
D:3:      layout_basic, tgw_fedhas, basic_ecumenical_altar, uniq_ijyb
D:4:      layout_cave_pools, serial_shops, shop, uniq_robin
D:5:      layout_loops_cross, hex_large, uniq_grinder

Skill      XL: |  1  2  3  4  5  6 |
---------------+-------------------+-----
Spellcasting   | 4 5 6 7 |  7.3
Dodging        | |  2.1
Stealth        | |  1.5

Action                   |  1- 3 |  4- 6 |  7- 9 || total
-------------------------+-------+-------+-------++-------
Melee: Whip              |       |    52 |    11 ||    63
 Cast: Freeze            |    59 |    90 |    19 ||   168
       Ozocubu's Armour  |       |     5 |     6 ||    11
       Frozen Ramparts   |       |     5 |     6 ||    11
       Stone Arrow       |       |       |     7 ||     7
  Use: Potion            |       |       |     4 ||     4
       Scroll            |       |       |     2 ||     2
Armor: Robe              |     9 |    19 |     2 ||    30
Dodge: Dodged            |    30 |    67 |    23 ||   120

Table legend: (Time is in decaauts)
 A = Elapsed time spent in this place.
 B = Non-inter-level travel time spent in this place.
 C = Inter-level travel time spent in this place.
 D = Time resting spent in this place.
 E = Time spent auto-exploring this place.
 F = Levels seen in this place.
 G = Mean time per level.
                   A        B        C        D        E       F      G
               +--------+--------+--------+--------+--------+-----+--------+
         Total |   7684 |   7373 |    311 |   3565 |   2751 |   5 | 1536.8 |
       Dungeon |   7684 |   7373 |    311 |   3565 |   2751 |   5 | 1536.8 |
               +--------+--------+--------+--------+--------+-----+--------+

Top non-repeatable levels by time:
     D:3: 2636 daAuts
     D:1: 1942 daAuts
     D:4: 1385 daAuts
     D:2: 1053 daAuts
     D:5: 667 daAuts
